 Dungeon Crawl Stone Soup version 0.27.1 (webtiles) character file.

Game seed: 5261299397143964908

58 r3algoood the Magician (level 3, -1/19 HPs)
             Began as a Deep Elf Air Elementalist on Aug 31, 2021.
             Slain by a black bear (2 damage)
             ... on level 3 of the Dungeon.
             The game lasted 00:04:23 (1771 turns).

r3algoood the Magician (Deep Elf Air Elementalist)  Turns: 1771, Time: 00:04:25

Health: -1/19      AC:  5    Str:  5    XL:     3   Next: 75%
Magic:  7/10       EV: 13    Int: 20    God:
Gold:   44         SH:  0    Dex: 15    Spells: 9/10 levels left

rFire    . . .     SeeInvis .   f - +2 hand axe (vorpal)
rCold    . . .     Faith    .   (no shield)
rNeg     . . .     Spirit   .   a - +0 robe
rPois    .         Reflect  .   (no helmet)
rElec    .         Harm     .   h - +2 cloak
rCorr    +         Rampage  .   (no gloves)
Will     .....                  (no boots)
Stlth    ++........             (no amulet)
HPRegen  0.06/turn              d - ring of resist corrosion
MPRegen  0.12/turn              (no ring)

@: no status effects
A: no striking features
a: no special abilities


You were on level 3 of the Dungeon.
You visited 1 branch of the dungeon, and saw 3 of its levels.

You collected 44 gold pieces.

Inventory:

Hand Weapons
 f - a +2 vorpal hand axe (weapon)
Armour
 a - a +0 robe (worn)
 h - a +2 cloak (worn)
Jewellery
 d - a ring of resist corrosion (left hand)
Scrolls
 e - a scroll of identify {unknown}
 g - a scroll of summoning {unknown}
Potions
 b - a potion of berserk rage {unknown}
 c - a potion of degeneration {unknown}
 i - a potion of haste {unknown}


   Skills:
 + Level 0.1 Axes
 + Level 2.8 Dodging
 + Level 2.8 Stealth
 + Level 4.0 Spellcasting
 + Level 1.6 Conjurations
 + Level 3.7 Air Magic


You had 9 spell levels left.
You knew the following spells:

 Your Spells              Type           Power      Damage    Failure   Level
a - Shock                 Conj/Air       56%        1d6       4%          1

Your spell library contained the following spells:

 Spells                   Type           Power      Damage    Failure   Level
 Static Discharge         Conj/Air       14%        N/A       6%          2
 Swiftness                Air            18%        N/A       9%          3
 Airstrike                Air            9%         N/A       28%         4


Dungeon Overview and Level Annotations

Branches:
Dungeon (3/15)

Altars:


Message History

The black bear is moderately wounded.
The black bear barely misses you. x2
The black bear claws you but does no damage.
Unknown command.
Casting: Shock (safe; 4% risk of failure)
Confirm with . or Enter, or press ? or * to list all spells.
Aiming: Shock (safe; 4% risk of failure)
Press: ? - help, Shift-Dir - straight line The zap hits the black bear.
The black bear is moderately wounded.
The zap hits the black bear.
The black bear is moderately wounded.
The black bear misses you. The black bear claws you.
The black bear closely misses you.
Unknown command.
Casting: Shock (safe; 4% risk of failure)
Confirm with . or Enter, or press ? or * to list all spells.
Aiming: Shock (safe; 4% risk of failure)
Press: ? - help, Shift-Dir - straight line The zap hits the black bear.
The black bear is moderately wounded.
The zap hits the black bear.
The black bear is severely wounded.
The black bear bites you. The black bear barely misses you.
The black bear claws you but does no damage.
You hit the black bear.
The black bear is severely wounded.
The black bear goes berserk!
A ball python comes into view.
The black bear bites you.
The black bear claws you but does no damage.
The black bear completely misses you.
You hit the black bear.
The black bear is almost dead.
The black bear bites you!
Ouch! That really hurt!
* * * LOW HITPOINT WARNING * * *
The black bear barely misses you. The black bear closely misses you.
The black bear bites you.
You die...

#.# #.# #.# ..#
##.## ... #.#
#<### #@h.#
S......##......
....... ######
....... .......
....... .......
.......


You could see a black bear (berserk) and a ball python (asleep).

Vanquished Creatures
  A gnoll (D:1)
  A dart slug (D:1)
  2 bats (D:1)
  5 endoplasms
  2 giant cockroaches (D:1)
  4 goblins (D:1)
  4 hobgoblins
  12 jackals
  2 ball pythons
  4 kobolds
  A rat (D:1)
38 creatures vanquished.

Notes
Turn   | Place    | Note
-------+----------+-------------------------------------------
     0 | D:1      | r3algoood the Deep Elf Air Elementalist began the quest for
                  | the Orb.
     0 | D:1      | Reached XP level 1. HP: 10/10 MP: 6/6
   191 | D:1      | Reached XP level 2. HP: 11/15 MP: 2/8
   847 | D:1      | Reached XP level 3. HP: 14/19 MP: 6/10
  1030 | D:1      | Found a faded altar of an unknown god.
  1231 | D:2      | Reached skill level 4 in Spellcasting
  1765 | D:3      | Noticed a black bear
  1771 | D:3      | Slain by a black bear

Illustrated notes

Levels and vault maps discovered:
D:1:      giann_bridges, layout_loops_ring, shapermc_ecumenical_altar_venn
D:2:      layout_loops_ring, minmay_misc_feat_rows
D:3:      layout_rooms, overflow_temple_1_default

Skill      XL: |  1  2  3 |
---------------+----------+-----
Spellcasting   | 4 |  4.0
Axes           | |  0.1
Dodging        | |  2.8
Stealth        | |  2.8
Conjurations   | |  1.6
Air Magic      | |  3.7

Action                   || total
-------------------------++-------
Melee: Unarmed           ||     2
       Hand axe          ||     7
 Cast: Shock             ||    78
 Stab: Sleeping          ||     1
Armor: Robe              ||     5
Dodge: Dodged            ||    16
